 Dungeon Crawl Stone Soup version 0.14-a0-1590-g25a9b7f (webtiles) character file.

22552 PolkaDot the Bewitcher (level 12, -8/74 HPs)
             Began as a Vampire Enchanter on Dec 23, 2013.
             Was an Elder of Ashenzari.
             Mangled by a giant leech (24 damage)
             ... on Level 3 of the Lair of Beasts.
             The game lasted 01:23:50 (13355 turns).

PolkaDot the Bewitcher (Vampire Enchanter)         Turns: 13355, Time: 01:23:50

HP  -8/74        AC  6     Str  8      XL: 12   Next: 58%
MP  25/25        EV 14     Int 17      God: Ashenzari [****..]
Gold 602         SH 15     Dex 17      Spells:  6 memorised,  4 levels left

rFire  + . .     SeeInvis +     H - +5,+1 elf dagger (speed) (curse)
rCold  + + +     Clarity  +     j - +2 robe {rF+} (curse)
rNeg   + + +     Conserve .     p - +1 dwarf buckler (curse)
rPois  +         rCorr    .     (no helmet)
rElec  .         rRot     +     w - +0 cloak (curse)
SustAb . .       Spirit   .     s - +0 pair of elf gloves (curse)
rMut   .         Warding  .     (no boots)
Saprov . . .     Stasis   .     (no amulet)
                                g - cursed ring of protection from magic
                                D - ring of protection from cold

@: non-regenerating, quite resistant to hostile enchantments, incredibly
stealthy
A: bottle blood, fangs 3, see invisible, unbreathing
a: Bat Form, Bottle Blood, Scrying, Renounce Religion


You were on level 3 of the Lair of Beasts.
You worshipped Ashenzari.
Ashenzari was greatly pleased with you.
You were bloodless.

You visited 3 branches of the dungeon, and saw 17 of its levels.
You also visited: Sewer.

You collected 602 gold pieces.

Inventory:

Hand weapons
 H - a cursed +5,+1 elven dagger of speed (weapon)
Missiles
 d - 12 darts (quivered)
Armour
 j - a cursed +2 robe of fire resistance (worn)
 p - a cursed +1 dwarven buckler (worn)
 s - a cursed +0 pair of elven gloves (worn)
 w - a cursed +0 cloak (worn)
Magical devices
 n - a wand of paralysis (7)
Scrolls
 f - a scroll of curse weapon
 h - 5 scrolls of fear
 i - a scroll of magic mapping
 m - a scroll of identify
 o - a scroll of recharging
 t - 8 scrolls of teleportation
 y - a scroll of blinking
Jewellery
 g - a cursed ring of protection from magic (right hand)
 D - a ring of protection from cold (left hand)
Potions
 e - 2 potions of heal wounds
 k - 4 potions of curing
 l - a potion of agility
 q - a potion of resistance
Books
 a - a book of Cantrips

   Spells                             Type                      Level
   Confusing Touch                    Hexes                        1
   Animate Skeleton                   Necromancy                   1
   Summon Small Mammal                Summoning                    1
   Apportation                        Translocation                1
 b - a book of Debilitation

   Spells                             Type                      Level
   *Corona                            Hexes                        1
   Slow                               Hexes                        2
   Inner Flame                        Hexes/Fire                   3
   *Enslavement                       Hexes                        4
   Cause Fear                         Hexes                        4
   Leda's Liquefaction                Hexes/Earth                  4
 c - a book of Maledictions

   Spells                             Type                      Level
   *Corona                            Hexes                        1
   *Sure Blade                        Hexes/Charms                 2
   *Ensorcelled Hibernation           Hexes/Ice                    2
   *Confuse                           Hexes                        3
   *Enslavement                       Hexes                        4
   *Invisibility                      Hexes                        6
 r - a book of Necromancy

   Spells                             Type                      Level
   Pain                               Necromancy                   1
   Animate Skeleton                   Necromancy                   1
   Lethal Infusion                    Charms/Necromancy            2
   Vampiric Draining                  Necromancy                   3
   Regeneration                       Charms/Necromancy            3
   Animate Dead                       Necromancy                   4
   Control Undead                     Necromancy                   4
 B - a book of Control

   Spells                             Type                      Level
   Control Teleport                   Charms/Translocation         4
   Control Undead                     Necromancy                   4
   *Enslavement                       Hexes                        4
   Mass Confusion                     Hexes                        6
   Metabolic Englaciation             Hexes/Ice                    6


   Skills:
 + Level 6.4(10.0) Short Blades
 - Level 0.7 Throwing
 - Level 2.1(3.9) Dodging
 + Level 15.7(17.6) Stealth
 - Level 5.7(8.0) Shields
 - Level 5.6 Spellcasting
 * Level 19.9 Hexes


You had 4 spell levels left.
You knew the following spells:

 Your Spells              Type           Power        Failure   Level  Hunger
a - Corona                Hex            ######.      0%          1    None
b - Sure Blade            Hex/Chrm       #####.....   1%          2    None
c - Confuse               Hex            ######..     0%          3    ###....
d - Ensorcelled Hibernat  Hex/Ice        #####.       1%          2    None
e - Enslavement           Hex            ######..     1%          4    ####...
i - Invisibility          Hex            ######..     1%          6    #######


Dungeon Overview and Level Annotations

Branches:
Dungeon (13/16)            Temple (1/1) D:4             Orc (0/4) D:11
   Lair (3/8) D:8           Swamp (0/5) Lair:3
 Shoals: Lair:3-6     Snake: Lair:3-6    Spider: Lair:3-6

Altars:
Ashenzari
Cheibriados
Elyvilon
Fedhas
Kikubaaqudgha
Makhleb
Nemelex Xobeh
Okawaru
Sif Muna
Trog
Vehumet
Xom
Yredelemnul
Zin
the Shining One

Shops:
D:8 (   D:12 !

Portals:
Trove: D:13 (give 16 scrolls of identify)


Innate Abilities, Weirdness & Mutations

You do not heal naturally.
You can bottle blood from corpses.
You have razor-sharp teeth.*
You have supernaturally acute eyesight.
You can survive without breathing.*


Message History

Press: ? - help, Shift-Dir - straight line, f - quokka
Aim: a quokka The quokka looks drowsy...
The helpless quokka fails to defend itself.
You bite the quokka, and draw its blood!
You feel slightly less thirsty.
You cut the quokka into ribbons!!!!
You kill the quokka!
You see here a bread ration.
You enter the shallow water.
Moving in this stuff is going to be slow.
The giant leech bites you!
There is a staircase to the Swamp here.
You enter the shallow water.
Moving in this stuff is going to be slow.
The giant leech bites you!
* * * LOW HITPOINT WARNING * * *
The swamp worm bites you.
* * * LOW HITPOINT WARNING * * *
The giant leech bites you!
You die...

........###..........##........##
..##.#...#..####%........##....##
.####......###...f###...###......
## #.##....###...#####f..###...>.
######..###....# #f..........f.
#f#...#.#..#...#.# #...P.#.......
...............P.# #..##..#......
###..............##♣..#..........
####[#.###..♣♣@♣♣..............
#.#### ##♣♣§w≈♣♣.............
##*######♣♣≈§§≈♣.............
##.#PP.♣♣w>≈≈♣.............
###.#.P..♣♣§≈§≈♣.............
#####.#....P.♣♣♣≈≈♣♣.............
#..#..........♣♣♣♣♣..............
.............%...................
.........................%.......


You could see a giant leech and a swamp worm.

Vanquished Creatures
  Josephine (D:11)
  5 death yaks (Lair:3)
  Nergalle (Lair:2)
  2 hill giants
  2 cyclopes
  A spiny frog (Lair:1)
  2 black mambas (Lair:3)
  A feature mimic (D:12)
  A fire drake (D:8)
  An efreet (D:12)
  2 komodo dragons
  5 wandering mushrooms (Lair:2)
  A troll (D:12)
  3 blink frogs (Lair:1)
  13 slime creatures
  A two-headed ogre (D:11)
  A hydra skeleton (D:11)
  2 shadows (D:12)
  A human (D:11)
  4 yaks (D:12)
  3 hungry ghosts
  4 vampire mosquitoes (D:12)
  A hippogriff (D:10)
  Menkaure (D:5)
  3 phantoms
  2 porcupines
  An orc warrior (D:7)
  3 black bears
  2 sky beasts
  6 ogres
  2 ice beasts
  2 tengu (D:10)
  3 centaurs
  2 wargs (D:11)
  4 crocodiles
  5 water moccasins
  3 giant slugs
  6 giant frogs
  2 big kobolds
  An agate snail (Lair:1)
  A cyclops skeleton (D:10)
  A troll zombie (D:11)
  13 killer bees
  A yak zombie (D:10)
  4 wights (D:7)
  3 yak skeletons
  8 crimson imps
  2 goliath beetles (D:8)
  6 orc priests
  3 jellies
  4 hounds
  Crazy Yiuf (D:3)
  A centaur skeleton (D:4)
  2 quasits
  3 iguanas
  9 orc wizards
  6 scorpions
  8 worker ants
  6 sheep
  2 ogre skeletons
  2 mummies
  A big kobold simulacrum (D:11)
  A worker ant zombie (D:11)
  6 gnolls
  20 adders
  6 green rats
  12 white imps (D:11)
  5 giant centipedes
  A giant mite (Lair:2)
  10 worms
  An iguana skeleton (D:10)
  An orc zombie (D:11)
  2 grey rats (Sewer)
  A giant eyeball (D:5)
  10 giant geckos
  An iguana simulacrum (D:11)
  2 oozes
  32 orcs
  6 ball pythons
  10 giant cockroaches
  7 hobgoblins
  15 jackals
  15 kobolds
  8 quokkas
  17 bats
  5 giant newts
  4 goblins
  A hobgoblin skeleton (D:4)
  A kobold zombie (D:5)
  18 rats
  2 rat skeletons
413 creatures vanquished.

Notes
Turn   | Place    | Note
--------------------------------------------------------------
     0 | D:1      | PolkaDot, the Vampire Enchanter, began the quest for the Orb.
     0 | D:1      | Reached XP level 1. HP: 13/13 MP: 3/3
   277 | D:1      | Reached XP level 2. HP: 19/19 MP: 4/4
   325 | D:1      | Reached skill level 5 in Hexes
   735 | D:2      | Reached XP level 3. HP: 11/24 MP: 6/6
   881 | D:2      | Learned a level 3 spell: Confuse
  1315 | D:3      | Reached skill level 6 in Hexes
  1439 | D:3      | Reached XP level 4. HP: 23/30 MP: 7/7
  1850 | D:3      | Reached skill level 7 in Hexes
  2036 | D:3      | Noticed Crazy Yiuf
  2051 | D:3      | Killed Crazy Yiuf
  2051 | D:3      | Reached XP level 5. HP: 35/35 MP: 9/9
  2364 | D:4      | Reached skill level 5 in Stealth
  2414 | D:4      | Reached skill level 8 in Hexes
  2444 | D:4      | Found a staircase to the Ecumenical Temple.
  2455 | Temple   | Entered the Ecumenical Temple
  2553 | Temple   | Became a worshipper of Ashenzari the Shackled
  2692 | D:4      | Reached XP level 6. HP: 41/41 MP: 10/10
  3041 | D:5      | Entered Level 5 of the Dungeon
  3076 | D:5      | Noticed Menkaure
  3087 | D:5      | Found a glowing drain.
  3118 | D:5      | Killed Menkaure
  3118 | D:5      | Reached skill level 9 in Hexes
  3186 | D:5      | Reached XP level 7. HP: 32/46 MP: 12/12
  3227 | Sewer    | Entered a sewer
  3378 | Sewer    | Learned a level 6 spell: Invisibility
  3600 | Sewer    | Reached skill level 10 in Hexes
  4499 | D:6      | Reached skill level 11 in Hexes
  4499 | D:6      | Reached XP level 8. HP: 52/52 MP: 14/14
  4908 | D:6      | Learned a level 2 spell: Ensorcelled Hibernation
  5183 | D:7      | Learned a level 2 spell: Sure Blade
  5304 | D:7      | Reached skill level 12 in Hexes
  5355 | D:7      | Found a sparkling altar of Nemelex Xobeh.
  5669 | D:7      | Noticed a seven-headed hydra
  5671 | D:7      | Reached XP level 9. HP: 36/57 MP: 15/20
  5773 | D:7      | Reached skill level 13 in Hexes
  5797 | D:7      | Reached skill level 10 in Stealth
  6038 | D:8      | Found a staircase to the Lair.
  6038 | D:8      | Noticed a fire drake
  6050 | D:8      | Killed a fire drake
  6150 | D:8      | Found Ymij Cuu's Weapon Emporium.
  6200 | D:8      | Acquired Ashenzari's first power
  6230 | D:8      | Reached skill level 5 in Spellcasting
  6380 | D:8      | Learned a level 4 spell: Enslavement
  6431 | D:8      | Reached skill level 14 in Hexes
  6886 | D:9      | Identified the cursed +0,+2 flail of Zin's Anger {venom, Noisy +Blink rElec rF+}
  6913 | D:9      | Reached skill level 1 in Shields
  7335 | D:10     | Entered Level 10 of the Dungeon
  7419 | D:10     | Reached XP level 10. HP: 60/63 MP: 19/23
  7578 | D:10     | Reached skill level 15 in Hexes
  8176 | D:11     | Noticed a cyclops
  8176 | D:11     | Noticed a hill giant
  8182 | D:11     | Noticed Josephine
  8186 | D:11     | Killed a cyclops
  8186 | D:11     | Reached skill level 16 in Hexes
  8352 | D:11     | Killed a hill giant
  8377 | D:11     | Found a frozen archway.
  8386 | D:11     | Killed Josephine
  8621 | D:11     | Found a staircase to the Orcish Mines.
  8635 | D:11     | Reached XP level 11. HP: 25/68 MP: 17/24
  9193 | D:11     | Reached skill level 17 in Hexes
  9560 | D:12     | Found Wiezoiffas' Distillery.
  9579 | D:12     | Reached skill level 5 in Shields
  9585 | D:12     | Acquired Ashenzari's second power
  9694 | D:12     | Noticed a hill giant
  9707 | D:12     | Killed a hill giant
 10071 | D:12     | Reached skill level 18 in Hexes
 10687 | D:13     | Found a portal to a secret trove of treasure.
 10842 | Lair:1   | Entered Level 1 of the Lair of Beasts
 11087 | Lair:1   | Identified the +1,+4 sling of Jirikag {speed, rF+ rC++ MR++}
 11365 | Lair:1   | Reached XP level 12. HP: 74/74 MP: 15/25
 11794 | Lair:2   | Reached skill level 19 in Hexes
 11859 | Lair:2   | Acquired Ashenzari's third power
 11938 | Lair:2   | Reached skill level 5 in Short Blades
 11980 | Lair:2   | Reached skill level 15 in Stealth
 12170 | Lair:2   | Noticed Nergalle
 12209 | Lair:2   | Killed Nergalle
 12547 | Lair:3   | Found a snail-covered altar of Cheibriados.
 12986 | Lair:3   | Identified a scroll of acquirement
 13315 | Lair:3   | Found a staircase to the Swamp.
 13355 | Lair:3   | Mangled by a giant leech

Action                   |  1- 3 |  4- 6 |  7- 9 | 10-12 || total
-------------------------+-------+-------+-------+-------++-------
Melee: Dagger            |   155 |   144 |   293 |   542 ||  1134
 Cast: Corona            |    12 |     2 |     5 |     2 ||    21
       Confuse           |     5 |    26 |    28 |    18 ||    77
       Invisibility      |       |       |    16 |    16 ||    32
       Ensorcelled Hiber |       |       |    42 |    81 ||   123
       Sure Blade        |       |       |     1 |     7 ||     8
 Abil: End Transformatio |       |       |     2 |     2 ||     4
       Bat Form          |       |       |     2 |     2 ||     4
Evoke: Wand              |     1 |       |     4 |     8 ||    13
  Use: Potion            |     1 |     5 |     4 |     6 ||    16
       Scroll            |       |    13 |    11 |    20 ||    44
 Stab: Sleeping          |     3 |     8 |    82 |   138 ||   231
       Confused          |     1 |    14 |    14 |    13 ||    42
       Invisible         |       |       |    10 |    42 ||    52
       Distracted        |       |       |     2 |     5 ||     7
